San Jose Sharks vs Calgary Flames
Created - Wednesday, November 27, 2024 at 09:28
Goals
|
| San Jose Sharks |
1 |
1 |
1 |
3 |
| Calgary Flames |
0 |
2 |
2 |
4 |
|
Shots
|
| San Jose Sharks |
13 |
9 |
14 |
36 |
| Calgary Flames |
12 |
16 |
9 |
37 |
|
1st period
1. San Jose Sharks , Jonathan Drouin 18 (Christian Dvorak 19) at 19:10
Penalties :
Barrett Hayton (SJS) for Interference (Minor) at 13:53
2nd period
2. Calgary Flames , Matthew Tkachuk 33 (J.T. Miller 53, Sebastian Aho 47) at 8:34
3. San Jose Sharks , Ivan Barbashev 28 (Adam Henrique 49, Dmitry Orlov 16) at 9:42 (SH)
4. Calgary Flames , Mathieu Joseph 12 (Vincent Desharnais 9, Oliver Bjorkstrand 23) at 16:29
Penalties :
Sean Durzi (SJS) for Slashing (Minor) at 9:33, Dmitry Orlov (SJS) for Holding Stick (Minor) at 18:58
3rd period
5. Calgary Flames , Oliver Bjorkstrand 16 (Mathieu Joseph 9, Rasmus Andersson 28) at 8:20
6. Calgary Flames , Yakov Trenin 10 (Nic Dowd 19) at 8:55
7. San Jose Sharks , Jonathan Drouin 19 (Erik Cernak 12, Haydn Fleury 2) at 16:38
Penalties :
Jake Middleton (CGY) for Tripping (Minor) at 1:52, Connor Murphy (SJS) for Goalie Interference (Minor) at 11:27, Jeremy Lauzon (CGY) for Tripping (Minor) at 17:59
Goalie Stats
Tristan Jarry (SJS), 33 saves from 37 shots - (0.892), L, 5-7-4, 58:36 minutes
Samuel Montembeault (CGY), 33 saves from 36 shots - (0.917), W, 11-5-3, 60:00 minutes
Players Stats for San Jose Sharks
Player Name G A P +/- PIM S H SB GA TA FO MP PP MP PK MP
------------------------------------------------------------------------------------
Adam Henrique 0 1 1 0 0 5 1 1 1 1 12/28 20:06 2:14 3:36
Anthony Mantha 0 0 0 -1 0 1 2 0 1 0 1/1 19:59 2:14 3:34
Barrett Hayton 0 0 0 0 2 0 0 1 0 0 1/2 7:54 0:00 0:00
Christian Dvorak 0 1 1 1 0 2 0 0 0 0 4/8 11:59 0:13 0:00
Christopher Tanev 0 0 0 0 0 0 0 2 0 1 0/0 24:02 1:31 5:17
Connor Murphy 0 0 0 -1 2 1 1 1 0 2 0/0 20:04 0:00 2:50
Dmitry Orlov 0 1 1 1 2 3 2 0 0 0 0/0 21:59 2:22 3:44
Erik Cernak 0 1 1 0 0 1 0 4 0 1 0/0 17:02 0:05 1:35
Frederick Gaudreau 0 0 0 0 0 1 1 0 0 0 0/0 7:53 0:00 0:00
Haydn Fleury 0 1 1 0 0 0 1 1 0 0 0/0 16:23 2:22 0:00
Ilya Mikheyev 0 0 0 0 0 3 0 0 1 0 0/0 8:10 0:02 0:00
Ivan Barbashev 1 0 1 -1 0 5 0 0 0 0 0/1 19:54 1:42 3:56
Jonathan Drouin 2 0 2 1 0 8 0 0 0 0 0/1 11:31 0:00 0:00
Joseph Veleno 0 0 0 -2 0 0 3 0 1 0 0/0 15:30 1:42 0:00
Luke Kunin 0 0 0 1 0 3 1 0 0 2 0/1 14:03 1:31 0:38
Pierre-Luc Dubois 0 0 0 -2 0 0 0 1 0 0 6/11 14:20 0:02 0:15
Rickard Rakell 0 0 0 -1 0 2 1 2 0 0 2/5 20:16 2:14 3:53
Sean Durzi 0 0 0 -2 2 1 2 2 0 0 0/0 20:55 1:36 2:26
Players Stats for Calgary Flames
Player Name G A P +/- PIM S H SB GA TA FO MP PP MP PK MP
------------------------------------------------------------------------------------
Cole Sillinger 0 0 0 1 0 1 2 0 0 0 0/1 14:56 0:00 0:09
Drew Doughty 0 0 0 2 0 1 1 1 0 0 0/0 22:52 4:04 1:52
Garnet Hathaway 0 0 0 1 0 1 1 0 0 0 0/0 7:55 0:00 0:00
J.T. Miller 0 1 1 -1 0 4 2 1 1 0 11/16 19:10 3:51 2:04
Jake Middleton 0 0 0 2 2 1 1 1 0 0 0/0 15:22 0:00 1:02
Jeff Petry 0 0 0 -3 0 1 3 3 0 1 0/0 22:36 3:52 1:38
Jeremy Lauzon 0 0 0 -3 2 2 2 2 0 0 0/0 22:01 3:52 1:04
Joel Eriksson Ek 0 0 0 0 0 3 2 1 1 0 2/5 17:59 4:05 1:45
Mathieu Joseph 1 1 2 1 0 4 1 0 0 2 0/0 14:47 0:00 0:00
Matthew Tkachuk 1 0 1 0 0 5 0 0 3 0 2/3 19:00 4:05 1:54
Nic Dowd 0 1 1 1 0 4 0 0 0 0 4/4 8:06 0:10 0:00
Oliver Bjorkstrand 1 1 2 0 0 1 1 0 0 0 7/15 18:16 3:41 0:00
Pavel Zacha 0 0 0 0 0 1 0 1 0 0 1/4 19:27 4:05 2:04
Rasmus Andersson 0 1 1 2 0 0 1 1 0 1 0/0 23:20 4:04 2:20
Sebastian Aho 0 1 1 0 0 2 1 0 1 0 4/8 12:17 0:00 0:00
Vincent Desharnais 0 1 1 2 0 2 0 4 0 0 0/0 14:04 0:00 0:00
Yakov Trenin 1 0 1 1 0 2 0 0 0 0 1/1 7:55 0:00 0:00
Zach Hyman 0 0 0 -1 0 2 0 0 1 0 0/1 15:57 3:51 0:00
3 Stars
1 - Jonathan Drouin (SJS)
2 - Mathieu Joseph (CGY)
3 - Oliver Bjorkstrand (CGY)
Power Play
San Jose Sharks - 0 on 2 Attempt(s) - 0.00%
Calgary Flames - 0 on 4 Attempt(s) - 0.00%
Penalty Kill
San Jose Sharks - 4 on 4 Attempt(s) - 100.00%
- Score 1 goal in Penalty Kill
Calgary Flames - 2 on 2 Attempt(s) - 100.00%
- Score 0 goal in Penalty Kill
Team Stat
San Jose Sharks - Hits : 15 - Faceoff Wins : 26 - Blocked Shots : 15 - Penalty Minutes : 8
Calgary Flames - Hits : 18 - Faceoff Wins : 32 - Blocked Shots : 15 - Penalty Minutes : 4
Official
Referees : Wes Mccauley and Justin St. Pierre
Linesman : Unknown
Game Notes
No Game Note
Finance
Level 1 -- Attendance: 4496 (74.93%) -- Ticket Income $449,600
Level 2 -- Attendance: 3962 (79.24%) -- Ticket Income $237,720
Level 3 -- Attendance: 2267 (75.57%) -- Ticket Income $79,345
Level 4 -- Attendance: 3444 (68.88%) -- Ticket Income $86,100
Luxury Box -- Attendance: 820 (82.00%) -- Ticket Income $164,000
Game was played at the Scotiabank Saddledome.
Total Attendance: 14989 (74.95%)
Total Ticket Income: $1,016,765
Other Income: $355,868
Total Income: $1,372,633
San Jose Sharks
5 vs 5 Forward
Center Left Wing Right Wing Time % Phy DF OF
1 Adam Henrique Rickard Rakell Anthony Mantha 30 1 2 2
2 Pierre-Luc Dubois Joseph Veleno Ivan Barbashev 30 1 2 2
3 Christian Dvorak Jonathan Drouin Luke Kunin 25 1 2 2
4 Barrett Hayton Ilya Mikheyev Frederick Gaudreau 15 1 2 2
5 vs 5 Defense
Defense Defense Time % Phy DF OF
1 Christopher Tanev Dmitry Orlov 35 1 2 2
2 Sean Durzi Connor Murphy 35 1 2 2
3 Haydn Fleury Erik Cernak 30 1 2 2
4 Sean Durzi Christopher Tanev 0 1 2 2
PowerPlay Forward
Center Left Wing Right Wing Time % Phy DF OF
1 Adam Henrique Rickard Rakell Anthony Mantha 50 1 2 2
2 Luke Kunin Joseph Veleno Ivan Barbashev 50 1 2 2
PowerPlay Defense
Defense Defense Time % Phy DF OF
1 Christopher Tanev Sean Durzi 50 1 2 2
2 Haydn Fleury Dmitry Orlov 50 1 2 2
Penalty Kill 4 Players Forward
Center Wing Time % Phy DF OF
1 Adam Henrique Ivan Barbashev 50 1 2 2
2 Rickard Rakell Anthony Mantha 50 1 2 2
Penalty Kill 4 Players Defense
Defense Defense Time % Phy DF OF
1 Dmitry Orlov Connor Murphy 50 1 2 2
2 Christopher Tanev Sean Durzi 50 1 2 2
Penalty Kill - 3 Players Forward
Forward Time % Phy DF OF
1 Adam Henrique 50 1 2 2
2 Rickard Rakell 50 1 2 2
Penalty Kill - 3 Players Defense
Defense Defense Time % Phy DF OF
1 Christopher Tanev Dmitry Orlov 50 1 2 2
2 Sean Durzi Connor Murphy 50 1 2 2
4 vs 4 Forward
Center Wing Time % Phy DF OF
1 Adam Henrique Christian Dvorak 50 1 2 2
2 Rickard Rakell Anthony Mantha 50 1 2 2
4 vs 4 Defense
Defense Defense Time % Phy DF OF
1 Connor Murphy Dmitry Orlov 50 1 2 2
2 Sean Durzi Christopher Tanev 50 1 2 2
Last Minutes Offensive
Center Left Wing Right Wing Defense Defense
Adam Henrique Rickard Rakell Anthony Mantha Christopher Tanev Dmitry Orlov
Last Minutes Defensive
Center Left Wing Right Wing Defense Defense
Adam Henrique Rickard Rakell Anthony Mantha Christopher Tanev Dmitry Orlov
Goaltenders
Starting : Tristan Jarry
Backup : Logan Thompson
Extra Forwards
Normal : Adam Henrique, Christian Dvorak, Luke Kunin - PP : Adam Henrique, Christian Dvorak - PK : Luke Kunin
Extra Defensemen
Normal : Connor Murphy, Christopher Tanev, Sean Durzi - PP : Christopher Tanev - PK : Christopher Tanev, Sean Durzi
Penalty Shots
Adam Henrique, Christian Dvorak, Rickard Rakell, Anthony Mantha, Ivan Barbashev
Scratches
Brett Howden (Healthy), Victor Olofsson (Healthy), Mike Hoffman (Healthy), Sam Lafferty (Healthy), Clay Stevenson (Healthy)
Calgary Flames
5 vs 5 Forward
Center Left Wing Right Wing Time % Phy DF OF
1 J.T. Miller Pavel Zacha Matthew Tkachuk 30 1 2 2
2 Sebastian Aho Zach Hyman Joel Eriksson Ek 30 1 2 2
3 Oliver Bjorkstrand Cole Sillinger Mathieu Joseph 25 1 2 2
4 Nic Dowd Yakov Trenin Garnet Hathaway 15 1 2 2
5 vs 5 Defense
Defense Defense Time % Phy DF OF
1 Drew Doughty Rasmus Andersson 35 1 2 2
2 Jeff Petry Jeremy Lauzon 35 1 2 2
3 Jake Middleton Vincent Desharnais 30 1 2 2
4 Drew Doughty Rasmus Andersson 0 1 2 2
PowerPlay Forward
Center Left Wing Right Wing Time % Phy DF OF
1 Joel Eriksson Ek Pavel Zacha Matthew Tkachuk 50 1 2 2
2 Oliver Bjorkstrand Zach Hyman J.T. Miller 50 1 2 2
PowerPlay Defense
Defense Defense Time % Phy DF OF
1 Drew Doughty Rasmus Andersson 50 1 2 2
2 Jeremy Lauzon Jeff Petry 50 1 2 2
Penalty Kill 4 Players Forward
Center Wing Time % Phy DF OF
1 Pavel Zacha J.T. Miller 50 1 2 2
2 Joel Eriksson Ek Matthew Tkachuk 50 1 2 2
Penalty Kill 4 Players Defense
Defense Defense Time % Phy DF OF
1 Drew Doughty Rasmus Andersson 50 1 2 2
2 Jake Middleton Jeremy Lauzon 50 1 2 2
Penalty Kill - 3 Players Forward
Forward Time % Phy DF OF
1 Matthew Tkachuk 50 1 2 2
2 Pavel Zacha 50 1 2 2
Penalty Kill - 3 Players Defense
Defense Defense Time % Phy DF OF
1 Drew Doughty Rasmus Andersson 50 1 2 2
2 Jeremy Lauzon Jake Middleton 50 1 2 2
4 vs 4 Forward
Center Wing Time % Phy DF OF
1 Pavel Zacha J.T. Miller 50 1 2 2
2 Joel Eriksson Ek Matthew Tkachuk 50 1 2 2
4 vs 4 Defense
Defense Defense Time % Phy DF OF
1 Drew Doughty Rasmus Andersson 50 1 2 2
2 Jake Middleton Vincent Desharnais 50 1 2 2
Last Minutes Offensive
Center Left Wing Right Wing Defense Defense
J.T. Miller Pavel Zacha Matthew Tkachuk Drew Doughty Rasmus Andersson
Last Minutes Defensive
Center Left Wing Right Wing Defense Defense
J.T. Miller Pavel Zacha Matthew Tkachuk Drew Doughty Rasmus Andersson
Goaltenders
Starting : Samuel Montembeault
Backup : Ilya Sorokin
Extra Forwards
Normal : Nic Dowd, Oliver Bjorkstrand, Cole Sillinger - PP : Nic Dowd, Oliver Bjorkstrand - PK : Cole Sillinger
Extra Defensemen
Normal : Jake Middleton, Jeremy Lauzon, Rasmus Andersson - PP : Jake Middleton - PK : Jeremy Lauzon, Rasmus Andersson
Penalty Shots
J.T. Miller, Nic Dowd, Joel Eriksson Ek, Matthew Tkachuk, Pavel Zacha
Scratches
Timo Meier (Healthy), Noel Acciari (Healthy), Rafael Harvey-Pinard (Healthy), Kris Letang (Right Foot Injury)
% Time on Ice - San Jose Sharks
Lines # - Real PCT - Wanted PCT - Time Play
Normal Forward
1 - 30% - 30% - 14:37
2 - 29% - 30% - 14:05
3 - 24% - 25% - 11:31
4 - 16% - 15% - 7:53
Normal Defense
1 - 36% - 35% - 17:16
2 - 35% - 35% - 16:49
3 - 29% - 30% - 14:01
4 - 0% - 0% - 0:00
PP Forward
1 - 56% - 50% - 2:14
2 - 44% - 50% - 1:44
PP Defense
1 - 40% - 50% - 1:36
2 - 60% - 50% - 2:22
PK Forward
1 - 51% - 50% - 4:01
2 - 49% - 50% - 3:55
PK Defense
1 - 53% - 50% - 4:14
2 - 47% - 50% - 3:42
PK3 Forward
1 - 0% - 50%
2 - 0% - 50%
PK3 Defense
1 - 0% - 50%
2 - 0% - 50%
44 Forward
1 - 0% - 50%
2 - 0% - 50%
44 Defense
1 - 0% - 50%
2 - 0% - 50%
Last Minute Offensive - 0:00
Last Minute Defensive - 0:00
Total
Forward - 60:00
Defense - 60:00
|
% Time on Ice - Calgary Flames
Lines # - Real PCT - Wanted PCT - Time Play
Normal Forward
1 - 28% - 30% - 13:18
2 - 25% - 30% - 12:06
3 - 31% - 25% - 14:47
4 - 16% - 15% - 7:55
Normal Defense
1 - 34% - 35% - 16:13
2 - 36% - 35% - 17:06
3 - 29% - 30% - 14:04
4 - 1% - 0% - 0:43
PP Forward
1 - 51% - 50% - 4:05
2 - 49% - 50% - 3:51
PP Defense
1 - 51% - 50% - 4:04
2 - 49% - 50% - 3:52
PK Forward
1 - 52% - 50% - 2:04
2 - 48% - 50% - 1:54
PK Defense
1 - 47% - 50% - 1:52
2 - 53% - 50% - 2:06
PK3 Forward
1 - 0% - 50%
2 - 0% - 50%
PK3 Defense
1 - 0% - 50%
2 - 0% - 50%
44 Forward
1 - 0% - 50%
2 - 0% - 50%
44 Defense
1 - 0% - 50%
2 - 0% - 50%
Last Minute Offensive - 0:00
Last Minute Defensive - 0:00
Total
Forward - 60:00
Defense - 60:00
|
Play-by-Play
1st period
0:01 of 1st period - J.T. Miller wins face-off versus Rickard Rakell in neutral zone.
0:16 of 1st period - Snap shot by Adam Henrique.
0:16 of 1st period - Shot Misses the Net.
0:54 of 1st period - Christian Dvorak is hit by Cole Sillinger and loses puck.
1:07 of 1st period - Wrist shot by Yakov Trenin.
1:07 of 1st period - Stopped by Tristan Jarry with a rebound.
1:09 of 1st period - Wrist shot by Yakov Trenin.
1:09 of 1st period - Shot Blocked by Sean Durzi.
1:11 of 1st period - Slapshot by Drew Doughty.
1:11 of 1st period - Deflect By Connor Murphy.
1:11 of 1st period - Stopped by Tristan Jarry without a rebound.
1:12 of 1st period - Nic Dowd wins face-off versus Adam Henrique in San Jose Sharks zone.
1:13 of 1st period - Snap shot by Yakov Trenin.
1:13 of 1st period - Shot Misses the Net.
1:15 of 1st period - Snap shot by Yakov Trenin.
1:15 of 1st period - Shot Blocked by Adam Henrique.
1:17 of 1st period - Snap shot by Nic Dowd.
1:17 of 1st period - Stopped by Tristan Jarry with a rebound.
1:19 of 1st period - Wrist shot by Yakov Trenin.
1:19 of 1st period - Shot Blocked by Erik Cernak.
1:21 of 1st period - Snap shot by Jeff Petry.
1:21 of 1st period - Shot Blocked by Erik Cernak.
1:52 of 1st period - Snap shot by Sebastian Aho.
1:52 of 1st period - Stopped by Tristan Jarry with a rebound.
2:10 of 1st period - Wrist shot by Oliver Bjorkstrand.
2:10 of 1st period - Shot Misses the Net.
2:45 of 1st period - Rasmus Andersson is hit by Dmitry Orlov and loses puck.
2:56 of 1st period - Snap shot by J.T. Miller.
2:56 of 1st period - Deflect By Sebastian Aho.
2:56 of 1st period - Stopped by Tristan Jarry with a rebound.
3:00 of 1st period - Wrist shot by Joel Eriksson Ek.
3:00 of 1st period - Deflect By Zach Hyman.
3:00 of 1st period - Shot Misses the Net.
3:00 of 1st period - Puck is out of play.
3:01 of 1st period - Adam Henrique wins face-off versus Zach Hyman in San Jose Sharks zone.
3:41 of 1st period - Icing by Jake Middleton.
3:42 of 1st period - Christian Dvorak wins face-off versus Oliver Bjorkstrand in Calgary Flames zone.
3:49 of 1st period - Wrist shot by Jonathan Drouin.
3:49 of 1st period - Shot Misses the Net.
3:51 of 1st period - Wrist shot by Jonathan Drouin.
3:51 of 1st period - Stopped by Samuel Montembeault without a rebound.
3:52 of 1st period - Adam Henrique wins face-off versus Matthew Tkachuk in Calgary Flames zone.
4:19 of 1st period - Connor Murphy is hit by Mathieu Joseph and loses puck.
4:42 of 1st period - Slapshot by Christian Dvorak.
4:42 of 1st period - Shot Misses the Net.
5:05 of 1st period - Off-side.
5:06 of 1st period - J.T. Miller wins face-off versus Adam Henrique in neutral zone.
5:09 of 1st period - Snap shot by Matthew Tkachuk.
5:09 of 1st period - Stopped by Tristan Jarry with a rebound.
5:11 of 1st period - Slapshot by Matthew Tkachuk.
5:11 of 1st period - Stopped by Tristan Jarry without a rebound.
5:12 of 1st period - Adam Henrique wins face-off versus J.T. Miller in San Jose Sharks zone.
5:23 of 1st period - Slapshot by Anthony Mantha.
5:23 of 1st period - Shot Misses the Net.
6:27 of 1st period - Slapshot by Frederick Gaudreau.
6:27 of 1st period - Stopped by Samuel Montembeault with a rebound.
6:29 of 1st period - Wrist shot by Barrett Hayton.
6:29 of 1st period - Shot Blocked by Vincent Desharnais.
7:03 of 1st period - Adam Henrique is hit by Jeff Petry and loses puck.
7:35 of 1st period - Drew Doughty is hit by Luke Kunin.
7:55 of 1st period - Ilya Mikheyev is hit by Jeff Petry and loses puck.
8:22 of 1st period - Slapshot by Rickard Rakell.
8:22 of 1st period - Shot Misses the Net.
8:24 of 1st period - Snap shot by Adam Henrique.
8:24 of 1st period - Stopped by Samuel Montembeault with a rebound.
8:37 of 1st period - Wrist shot by Zach Hyman.
8:37 of 1st period - Deflect By Joel Eriksson Ek.
8:37 of 1st period - Stopped by Tristan Jarry without a rebound.
8:38 of 1st period - Christian Dvorak wins face-off versus Sebastian Aho in San Jose Sharks zone.
9:07 of 1st period - Backhand shot by Christian Dvorak.
9:07 of 1st period - Stopped by Samuel Montembeault with a rebound.
9:09 of 1st period - Backhand shot by Dmitry Orlov.
9:09 of 1st period - Shot Misses the Net.
9:11 of 1st period - Slapshot by Dmitry Orlov.
9:11 of 1st period - Stopped by Samuel Montembeault without a rebound.
9:12 of 1st period - Pierre-Luc Dubois wins face-off versus Oliver Bjorkstrand in Calgary Flames zone.
9:19 of 1st period - Wrist shot by Ivan Barbashev.
9:19 of 1st period - Shot Misses the Net.
9:21 of 1st period - Snap shot by Erik Cernak.
9:21 of 1st period - Deflect By Ivan Barbashev.
9:21 of 1st period - Shot Misses the Net.
9:21 of 1st period - Puck is out of play.
9:22 of 1st period - Pierre-Luc Dubois wins face-off versus Oliver Bjorkstrand in Calgary Flames zone.
9:45 of 1st period - Wrist shot by Ivan Barbashev.
9:45 of 1st period - Shot Misses the Net.
9:53 of 1st period - Wrist shot by Ivan Barbashev.
9:53 of 1st period - Deflect By Pierre-Luc Dubois.
9:53 of 1st period - Shot Misses the Net.
9:53 of 1st period - Puck is out of play.
9:54 of 1st period - J.T. Miller wins face-off versus Adam Henrique in Calgary Flames zone.
10:05 of 1st period - Wrist shot by Adam Henrique.
10:05 of 1st period - Stopped by Samuel Montembeault without a rebound.
10:06 of 1st period - Adam Henrique wins face-off versus Pavel Zacha in Calgary Flames zone.
10:07 of 1st period - Wrist shot by Rickard Rakell.
10:07 of 1st period - Stopped by Samuel Montembeault without a rebound.
10:08 of 1st period - Anthony Mantha wins face-off versus J.T. Miller in Calgary Flames zone.
10:19 of 1st period - Wrist shot by Anthony Mantha.
10:19 of 1st period - Shot Blocked by Jake Middleton.
10:21 of 1st period - Wrist shot by Rickard Rakell.
10:21 of 1st period - Shot Hit the Post.
10:23 of 1st period - Wrist shot by Adam Henrique.
10:23 of 1st period - Deflect By Rickard Rakell.
10:23 of 1st period - Stopped by Samuel Montembeault with a rebound.
11:07 of 1st period - Off-side.
11:08 of 1st period - Nic Dowd wins face-off versus Adam Henrique in neutral zone.
12:08 of 1st period - Slapshot by Sean Durzi.
12:08 of 1st period - Shot Blocked by Joel Eriksson Ek.
12:31 of 1st period - Wrist shot by Oliver Bjorkstrand.
12:31 of 1st period - Shot Misses the Net.
12:45 of 1st period - Wrist shot by Anthony Mantha.
12:45 of 1st period - Stopped by Samuel Montembeault with a rebound.
12:47 of 1st period - Snap shot by Connor Murphy.
12:47 of 1st period - Shot Blocked by Vincent Desharnais.
13:03 of 1st period - Snap shot by J.T. Miller.
13:03 of 1st period - Stopped by Tristan Jarry with a rebound.
13:05 of 1st period - Wrist shot by J.T. Miller.
13:05 of 1st period - Shot Blocked by Erik Cernak.
13:19 of 1st period - J.T. Miller is hit by Joseph Veleno and loses puck.
13:32 of 1st period - Snap shot by Sebastian Aho.
13:32 of 1st period - Shot Misses the Net.
13:40 of 1st period - Wrist shot by Joel Eriksson Ek.
13:40 of 1st period - Shot Blocked by Barrett Hayton.
13:53 of 1st period - Minor Penalty to Barrett Hayton for Interference.
13:54 of 1st period - Adam Henrique wins face-off versus Joel Eriksson Ek in San Jose Sharks zone.
14:10 of 1st period - Slapshot by Matthew Tkachuk.
14:10 of 1st period - Shot Misses the Net.
15:53 of 1st period - Penalty to Barrett Hayton is over, Barrett Hayton is back on ice.
16:06 of 1st period - Snap shot by Ilya Mikheyev.
16:06 of 1st period - Stopped by Samuel Montembeault with a rebound.
16:08 of 1st period - Wrist shot by Dmitry Orlov.
16:08 of 1st period - Stopped by Samuel Montembeault with a rebound.
16:10 of 1st period - Snap shot by Dmitry Orlov.
16:10 of 1st period - Shot Blocked by Jeff Petry.
18:31 of 1st period - Snap shot by J.T. Miller.
18:31 of 1st period - Stopped by Tristan Jarry with a rebound.
18:52 of 1st period - Snap shot by Matthew Tkachuk.
18:52 of 1st period - Stopped by Tristan Jarry without a rebound.
18:53 of 1st period - Adam Henrique wins face-off versus Sebastian Aho in San Jose Sharks zone.
19:08 of 1st period - Snap shot by Adam Henrique.
19:08 of 1st period - Stopped by Samuel Montembeault without a rebound.
19:09 of 1st period - Christian Dvorak wins face-off versus Oliver Bjorkstrand in Calgary Flames zone.
19:10 of 1st period - Wrist shot by Jonathan Drouin.
19:10 of 1st period - Goal by Jonathan Drouin - San Jose Sharks : 1 - Calgary Flames : 0.
19:11 of 1st period - Sebastian Aho wins face-off versus Adam Henrique in neutral zone.
19:14 of 1st period - Dmitry Orlov is hit by Jeff Petry.
19:57 of 1st period - Backhand shot by Nic Dowd.
19:57 of 1st period - Stopped by Tristan Jarry without a rebound.
19:58 of 1st period - Nic Dowd wins face-off versus Pierre-Luc Dubois in San Jose Sharks zone.
Goals for this period are 1 for San Jose Sharks vs 0 for Calgary Flames.
Shots for this period are 13 for San Jose Sharks vs 12 for Calgary Flames.
2nd period
0:01 of 2nd period - Sebastian Aho wins face-off versus Adam Henrique in neutral zone.
0:17 of 2nd period - Off-side.
0:18 of 2nd period - Pierre-Luc Dubois wins face-off versus Oliver Bjorkstrand in neutral zone.
1:46 of 2nd period - Slapshot by Nic Dowd.
1:46 of 2nd period - Stopped by Tristan Jarry with a rebound.
2:28 of 2nd period - Vincent Desharnais is hit by Dmitry Orlov and loses puck.
3:17 of 2nd period - Wrist shot by Ivan Barbashev.
3:17 of 2nd period - Stopped by Samuel Montembeault without a rebound.
3:18 of 2nd period - Pierre-Luc Dubois wins face-off versus Sebastian Aho in Calgary Flames zone.
4:18 of 2nd period - Wrist shot by Mathieu Joseph.
4:18 of 2nd period - Stopped by Tristan Jarry with a rebound.
4:20 of 2nd period - Wrist shot by Cole Sillinger.
4:20 of 2nd period - Shot Misses the Net.
4:37 of 2nd period - Snap shot by Nic Dowd.
4:37 of 2nd period - Stopped by Tristan Jarry with a rebound.
4:49 of 2nd period - Rickard Rakell is hit by Sebastian Aho and loses puck.
5:33 of 2nd period - Jonathan Drouin is hit by Oliver Bjorkstrand.
6:04 of 2nd period - Adam Henrique is hit by Jeremy Lauzon and loses puck.
6:13 of 2nd period - Jeremy Lauzon is hit by Adam Henrique and loses puck.
6:26 of 2nd period - Pavel Zacha is hit by Sean Durzi and loses puck.
6:35 of 2nd period - Christian Dvorak is hit by J.T. Miller and loses puck.
7:07 of 2nd period - Off-side.
7:08 of 2nd period - Nic Dowd wins face-off versus Pierre-Luc Dubois in neutral zone.
7:35 of 2nd period - Vincent Desharnais is hit by Rickard Rakell and loses puck.
7:54 of 2nd period - Icing by Rasmus Andersson.
7:55 of 2nd period - Christian Dvorak wins face-off versus Sebastian Aho in Calgary Flames zone.
8:06 of 2nd period - Snap shot by Christian Dvorak.
8:06 of 2nd period - Deflect By Jonathan Drouin.
8:06 of 2nd period - Stopped by Samuel Montembeault with a rebound.
8:08 of 2nd period - Backhand shot by Luke Kunin.
8:08 of 2nd period - Shot Misses the Net.
8:34 of 2nd period - Slapshot by Matthew Tkachuk.
8:34 of 2nd period - Goal by Matthew Tkachuk - San Jose Sharks : 1 - Calgary Flames : 1.
8:35 of 2nd period - Adam Henrique wins face-off versus Oliver Bjorkstrand in neutral zone.
8:45 of 2nd period - Off-side.
8:46 of 2nd period - J.T. Miller wins face-off versus Rickard Rakell in neutral zone.
8:53 of 2nd period - Snap shot by J.T. Miller.
8:53 of 2nd period - Stopped by Tristan Jarry with a rebound.
9:01 of 2nd period - Snap shot by Rickard Rakell.
9:01 of 2nd period - Shot Misses the Net.
9:18 of 2nd period - Snap shot by Christian Dvorak.
9:18 of 2nd period - Stopped by Samuel Montembeault without a rebound.
9:19 of 2nd period - Oliver Bjorkstrand wins face-off versus Pierre-Luc Dubois in Calgary Flames zone.
9:26 of 2nd period - Snap shot by Ivan Barbashev.
9:26 of 2nd period - Stopped by Samuel Montembeault without a rebound.
9:27 of 2nd period - Oliver Bjorkstrand wins face-off versus Pierre-Luc Dubois in Calgary Flames zone.
9:33 of 2nd period - Minor Penalty to Sean Durzi for Slashing.
9:34 of 2nd period - Oliver Bjorkstrand wins face-off versus Adam Henrique in San Jose Sharks zone.
9:42 of 2nd period - Snap shot by Ivan Barbashev.
9:42 of 2nd period - Goal by Ivan Barbashev - San Jose Sharks : 2 - Calgary Flames : 1.
9:43 of 2nd period - Joel Eriksson Ek wins face-off versus Rickard Rakell in neutral zone.
10:18 of 2nd period - Snap shot by Zach Hyman.
10:18 of 2nd period - Stopped by Tristan Jarry with a rebound.
10:20 of 2nd period - Slapshot by Jeremy Lauzon.
10:20 of 2nd period - Stopped by Tristan Jarry with a rebound.
11:33 of 2nd period - Penalty to Sean Durzi is over, Sean Durzi is back on ice.
12:01 of 2nd period - Off-side.
12:02 of 2nd period - Barrett Hayton wins face-off versus Oliver Bjorkstrand in neutral zone.
12:29 of 2nd period - Joel Eriksson Ek is hit by Sean Durzi and loses puck.
12:43 of 2nd period - Icing by Connor Murphy.
12:44 of 2nd period - J.T. Miller wins face-off versus Christian Dvorak in San Jose Sharks zone.
13:21 of 2nd period - Snap shot by Adam Henrique.
13:21 of 2nd period - Shot Misses the Net.
13:23 of 2nd period - Slapshot by Sean Durzi.
13:23 of 2nd period - Stopped by Samuel Montembeault with a rebound.
13:33 of 2nd period - Dmitry Orlov is hit by Cole Sillinger.
13:37 of 2nd period - Wrist shot by Pierre-Luc Dubois.
13:37 of 2nd period - Shot Blocked by Jeff Petry.
13:39 of 2nd period - Wrist shot by Ivan Barbashev.
13:39 of 2nd period - Shot Blocked by Jeff Petry.
13:41 of 2nd period - Snap shot by Ivan Barbashev.
13:41 of 2nd period - Stopped by Samuel Montembeault with a rebound.
14:03 of 2nd period - Wrist shot by Ilya Mikheyev.
14:03 of 2nd period - Shot Misses the Net.
14:05 of 2nd period - Snap shot by Ilya Mikheyev.
14:05 of 2nd period - Stopped by Samuel Montembeault without a rebound.
14:06 of 2nd period - Adam Henrique wins face-off versus J.T. Miller in Calgary Flames zone.
15:00 of 2nd period - Slapshot by Mathieu Joseph.
15:00 of 2nd period - Stopped by Tristan Jarry without a rebound.
15:01 of 2nd period - J.T. Miller wins face-off versus Adam Henrique in San Jose Sharks zone.
15:02 of 2nd period - Snap shot by Matthew Tkachuk.
15:02 of 2nd period - Shot Blocked by Christopher Tanev.
15:26 of 2nd period - Pierre-Luc Dubois is hit by Jake Middleton and loses puck.
15:33 of 2nd period - Wrist shot by Zach Hyman.
15:33 of 2nd period - Deflect By Pierre-Luc Dubois.
15:33 of 2nd period - Shot Misses the Net.
15:33 of 2nd period - Puck is out of play.
15:34 of 2nd period - Sebastian Aho wins face-off versus Adam Henrique in San Jose Sharks zone.
15:43 of 2nd period - Wrist shot by Joel Eriksson Ek.
15:43 of 2nd period - Stopped by Tristan Jarry with a rebound.
16:23 of 2nd period - Snap shot by Oliver Bjorkstrand.
16:23 of 2nd period - Shot Blocked by Erik Cernak.
16:25 of 2nd period - Slapshot by Vincent Desharnais.
16:25 of 2nd period - Shot Misses the Net.
16:27 of 2nd period - Slapshot by Vincent Desharnais.
16:27 of 2nd period - Stopped by Tristan Jarry with a rebound.
16:29 of 2nd period - Wrist shot by Mathieu Joseph.
16:29 of 2nd period - Goal by Mathieu Joseph - San Jose Sharks : 2 - Calgary Flames : 2.
16:30 of 2nd period - J.T. Miller wins face-off versus Adam Henrique in neutral zone.
16:57 of 2nd period - Ivan Barbashev is hit by Joel Eriksson Ek and loses puck.
17:24 of 2nd period - Slapshot by Luke Kunin.
17:24 of 2nd period - Stopped by Samuel Montembeault with a rebound.
17:42 of 2nd period - Slapshot by Garnet Hathaway.
17:42 of 2nd period - Stopped by Tristan Jarry without a rebound.
17:43 of 2nd period - Yakov Trenin wins face-off versus Adam Henrique in San Jose Sharks zone.
17:44 of 2nd period - Snap shot by Garnet Hathaway.
17:44 of 2nd period - Shot Misses the Net.
17:54 of 2nd period - Garnet Hathaway is hit by Anthony Mantha.
18:13 of 2nd period - Off-side.
18:14 of 2nd period - J.T. Miller wins face-off versus Pierre-Luc Dubois in neutral zone.
18:31 of 2nd period - Slapshot by Matthew Tkachuk.
18:31 of 2nd period - Stopped by Tristan Jarry with a rebound.
18:33 of 2nd period - Slapshot by J.T. Miller.
18:33 of 2nd period - Stopped by Tristan Jarry with a rebound.
18:35 of 2nd period - Backhand shot by Jake Middleton.
18:35 of 2nd period - Stopped by Tristan Jarry without a rebound.
18:36 of 2nd period - Sebastian Aho wins face-off versus Adam Henrique in San Jose Sharks zone.
18:36 of 2nd period - Sebastian Aho is hit by Anthony Mantha.
18:38 of 2nd period - Snap shot by Zach Hyman.
18:38 of 2nd period - Stopped by Tristan Jarry with a rebound.
18:58 of 2nd period - Minor Penalty to Dmitry Orlov for Holding Stick.
18:59 of 2nd period - Rickard Rakell wins face-off versus Oliver Bjorkstrand in San Jose Sharks zone.
18:59 of 2nd period - Rickard Rakell is hit by Drew Doughty.
Goals for this period are 1 for San Jose Sharks vs 2 for Calgary Flames.
Shots for this period are 9 for San Jose Sharks vs 16 for Calgary Flames.
3rd period
0:01 of 3rd period - Rickard Rakell wins face-off versus Joel Eriksson Ek in neutral zone.
0:14 of 3rd period - Wrist shot by Joel Eriksson Ek.
0:14 of 3rd period - Stopped by Tristan Jarry with a rebound.
0:16 of 3rd period - Slapshot by Jeremy Lauzon.
0:16 of 3rd period - Stopped by Tristan Jarry without a rebound.
0:17 of 3rd period - Oliver Bjorkstrand wins face-off versus Adam Henrique in San Jose Sharks zone.
0:58 of 3rd period - Penalty to Dmitry Orlov is over, Dmitry Orlov is back on ice.
1:20 of 3rd period - Luke Kunin is hit by Rasmus Andersson and loses puck.
1:41 of 3rd period - Wrist shot by Christian Dvorak.
1:41 of 3rd period - Shot Blocked by Vincent Desharnais.
1:43 of 3rd period - Backhand shot by Christopher Tanev.
1:43 of 3rd period - Shot Blocked by Vincent Desharnais.
1:45 of 3rd period - Backhand shot by Connor Murphy.
1:45 of 3rd period - Stopped by Samuel Montembeault with a rebound.
1:52 of 3rd period - Minor Penalty to Jake Middleton for Tripping.
1:53 of 3rd period - Adam Henrique wins face-off versus Pavel Zacha in Calgary Flames zone.
2:03 of 3rd period - Matthew Tkachuk is hit by Haydn Fleury and loses puck.
2:42 of 3rd period - Sean Durzi is hit by Jeremy Lauzon and loses puck.
3:52 of 3rd period - Penalty to Jake Middleton is over, Jake Middleton is back on ice.
4:15 of 3rd period - Cole Sillinger is hit by Frederick Gaudreau and loses puck.
6:36 of 3rd period - Joel Eriksson Ek is hit by Joseph Veleno and loses puck.
6:56 of 3rd period - Off-side.
6:57 of 3rd period - Oliver Bjorkstrand wins face-off versus Adam Henrique in neutral zone.
7:02 of 3rd period - Slapshot by Mathieu Joseph.
7:02 of 3rd period - Shot Misses the Net.
8:14 of 3rd period - Snap shot by Oliver Bjorkstrand.
8:14 of 3rd period - Shot Blocked by Rickard Rakell.
8:16 of 3rd period - Slapshot by Rasmus Andersson.
8:16 of 3rd period - Shot Blocked by Rickard Rakell.
8:20 of 3rd period - Snap shot by Oliver Bjorkstrand.
8:20 of 3rd period - Goal by Oliver Bjorkstrand - San Jose Sharks : 2 - Calgary Flames : 3.
8:21 of 3rd period - Pierre-Luc Dubois wins face-off versus J.T. Miller in neutral zone.
8:24 of 3rd period - Slapshot by Sean Durzi.
8:24 of 3rd period - Shot Misses the Net.
8:30 of 3rd period - Snap shot by Matthew Tkachuk.
8:30 of 3rd period - Shot Misses the Net.
8:48 of 3rd period - Connor Murphy is hit by Garnet Hathaway and loses puck.
8:55 of 3rd period - Slapshot by Yakov Trenin.
8:55 of 3rd period - Goal by Yakov Trenin - San Jose Sharks : 2 - Calgary Flames : 4.
8:56 of 3rd period - Matthew Tkachuk wins face-off versus Christian Dvorak in neutral zone.
9:03 of 3rd period - Snap shot by Pavel Zacha.
9:03 of 3rd period - Shot Misses the Net.
9:26 of 3rd period - Slapshot by Sean Durzi.
9:26 of 3rd period - Shot Misses the Net.
9:43 of 3rd period - Off-side.
9:44 of 3rd period - Adam Henrique wins face-off versus Cole Sillinger in neutral zone.
10:30 of 3rd period - Snap shot by Rickard Rakell.
10:30 of 3rd period - Shot Misses the Net.
10:54 of 3rd period - Slapshot by Adam Henrique.
10:54 of 3rd period - Stopped by Samuel Montembeault with a rebound.
11:00 of 3rd period - Slapshot by Vincent Desharnais.
11:00 of 3rd period - Deflect By Rickard Rakell.
11:00 of 3rd period - Stopped by Tristan Jarry with a rebound.
11:02 of 3rd period - Slapshot by Vincent Desharnais.
11:02 of 3rd period - Shot Blocked by Haydn Fleury.
11:04 of 3rd period - Wrist shot by Cole Sillinger.
11:04 of 3rd period - Stopped by Tristan Jarry without a rebound.
11:05 of 3rd period - Pierre-Luc Dubois wins face-off versus J.T. Miller in San Jose Sharks zone.
11:05 of 3rd period - Pierre-Luc Dubois is hit by J.T. Miller.
11:13 of 3rd period - Wrist shot by J.T. Miller.
11:13 of 3rd period - Shot Blocked by Pierre-Luc Dubois.
11:15 of 3rd period - Slapshot by Jeremy Lauzon.
11:15 of 3rd period - Shot Blocked by Connor Murphy.
11:17 of 3rd period - Snap shot by Jeff Petry.
11:17 of 3rd period - Stopped by Tristan Jarry without a rebound.
11:18 of 3rd period - J.T. Miller wins face-off versus Christian Dvorak in San Jose Sharks zone.
11:25 of 3rd period - Wrist shot by J.T. Miller.
11:25 of 3rd period - Shot Misses the Net.
11:27 of 3rd period - Minor Penalty to Connor Murphy for Goalie Interference.
11:28 of 3rd period - Adam Henrique wins face-off versus Joel Eriksson Ek in San Jose Sharks zone.
11:41 of 3rd period - Snap shot by Matthew Tkachuk.
11:41 of 3rd period - Shot Misses the Net.
11:43 of 3rd period - Snap shot by Pavel Zacha.
11:43 of 3rd period - Stopped by Tristan Jarry with a rebound.
11:45 of 3rd period - Wrist shot by Pavel Zacha.
11:45 of 3rd period - Shot Blocked by Christopher Tanev.
13:27 of 3rd period - Penalty to Connor Murphy is over, Connor Murphy is back on ice.
13:27 of 3rd period - Icing by Ivan Barbashev.
13:28 of 3rd period - Oliver Bjorkstrand wins face-off versus Ivan Barbashev in San Jose Sharks zone.
14:20 of 3rd period - Snap shot by Adam Henrique.
14:20 of 3rd period - Stopped by Samuel Montembeault without a rebound.
14:21 of 3rd period - J.T. Miller wins face-off versus Adam Henrique in Calgary Flames zone.
14:55 of 3rd period - Mathieu Joseph is hit by Connor Murphy and loses puck.
15:06 of 3rd period - Cole Sillinger is hit by Joseph Veleno and loses puck.
15:37 of 3rd period - Slapshot by Mathieu Joseph.
15:37 of 3rd period - Shot Misses the Net.
15:39 of 3rd period - Wrist shot by Oliver Bjorkstrand.
15:39 of 3rd period - Deflect By Mathieu Joseph.
15:39 of 3rd period - Stopped by Tristan Jarry with a rebound.
15:41 of 3rd period - Slapshot by Jeff Petry.
15:41 of 3rd period - Shot Misses the Net.
15:43 of 3rd period - Slapshot by Vincent Desharnais.
15:43 of 3rd period - Deflect By Oliver Bjorkstrand.
15:43 of 3rd period - Shot Misses the Net.
15:43 of 3rd period - Puck is out of play.
15:44 of 3rd period - Matthew Tkachuk wins face-off versus Jonathan Drouin in San Jose Sharks zone.
15:56 of 3rd period - Icing by Erik Cernak.
15:57 of 3rd period - J.T. Miller wins face-off versus Christian Dvorak in San Jose Sharks zone.
16:08 of 3rd period - Snap shot by Jonathan Drouin.
16:08 of 3rd period - Stopped by Samuel Montembeault with a rebound.
16:10 of 3rd period - Wrist shot by Jonathan Drouin.
16:10 of 3rd period - Shot Misses the Net.
16:12 of 3rd period - Snap shot by Jonathan Drouin.
16:12 of 3rd period - Shot Misses the Net.
16:22 of 3rd period - Slapshot by Christian Dvorak.
16:22 of 3rd period - Shot Blocked by Jeremy Lauzon.
16:24 of 3rd period - Slapshot by Haydn Fleury.
16:24 of 3rd period - Shot Blocked by J.T. Miller.
16:26 of 3rd period - Wrist shot by Luke Kunin.
16:26 of 3rd period - Stopped by Samuel Montembeault with a rebound.
16:28 of 3rd period - Snap shot by Haydn Fleury.
16:28 of 3rd period - Shot Blocked by Jeremy Lauzon.
16:30 of 3rd period - Slapshot by Haydn Fleury.
16:30 of 3rd period - Deflect By Jonathan Drouin.
16:30 of 3rd period - Stopped by Samuel Montembeault with a rebound.
16:32 of 3rd period - Snap shot by Erik Cernak.
16:32 of 3rd period - Stopped by Samuel Montembeault with a rebound.
16:34 of 3rd period - Snap shot by Jonathan Drouin.
16:34 of 3rd period - Stopped by Samuel Montembeault with a rebound.
16:36 of 3rd period - Wrist shot by Jonathan Drouin.
16:36 of 3rd period - Stopped by Samuel Montembeault with a rebound.
16:38 of 3rd period - Snap shot by Jonathan Drouin.
16:38 of 3rd period - Goal by Jonathan Drouin - San Jose Sharks : 3 - Calgary Flames : 4.
16:39 of 3rd period - Oliver Bjorkstrand wins face-off versus Barrett Hayton in neutral zone.
16:51 of 3rd period - Snap shot by Barrett Hayton.
16:51 of 3rd period - Shot Misses the Net.
16:53 of 3rd period - Slapshot by Sean Durzi.
16:53 of 3rd period - Shot Blocked by Drew Doughty.
16:55 of 3rd period - Snap shot by Ilya Mikheyev.
16:55 of 3rd period - Stopped by Samuel Montembeault with a rebound.
17:30 of 3rd period - Wrist shot by Pierre-Luc Dubois.
17:30 of 3rd period - Deflect By Ivan Barbashev.
17:30 of 3rd period - Deflect By Jeff Petry.
17:30 of 3rd period - Stopped by Samuel Montembeault with a rebound.
17:44 of 3rd period - Slapshot by Cole Sillinger.
17:44 of 3rd period - Shot Blocked by Sean Durzi.
17:59 of 3rd period - Minor Penalty to Jeremy Lauzon for Tripping.
18:00 of 3rd period - Pavel Zacha wins face-off versus Adam Henrique in Calgary Flames zone.
18:10 of 3rd period - Slapshot by Dmitry Orlov.
18:10 of 3rd period - Stopped by Samuel Montembeault with a rebound.
18:12 of 3rd period - Slapshot by Haydn Fleury.
18:12 of 3rd period - Deflect By Rickard Rakell.
18:12 of 3rd period - Shot Blocked by Rasmus Andersson.
18:12 of 3rd period - Puck is out of play.
18:13 of 3rd period - Adam Henrique wins face-off versus Pavel Zacha in Calgary Flames zone.
18:36 of 3rd period - San Jose Sharks, Tristan Jarry is pulled from the net.
18:38 of 3rd period - Slapshot by Ivan Barbashev.
18:38 of 3rd period - Shot Blocked by Pavel Zacha.
18:40 of 3rd period - Slapshot by Luke Kunin.
18:40 of 3rd period - Stopped by Samuel Montembeault without a rebound.
18:41 of 3rd period - Joel Eriksson Ek wins face-off versus Luke Kunin in Calgary Flames zone.
19:08 of 3rd period - Rickard Rakell is hit by Joel Eriksson Ek and loses puck.
19:59 of 3rd period - Penalty to Jeremy Lauzon is over, Jeremy Lauzon is back on ice.
Goals for this period are 1 for San Jose Sharks vs 2 for Calgary Flames.
Shots for this period are 14 for San Jose Sharks vs 9 for Calgary Flames.
Back to the Top